 Dungeon Crawl Stone Soup version 0.30-a0-913-g9934a0ce24 (webtiles) character file.

Game seed: 306980832463077085

892 cforsyth the Trooper (level 8, -1/64 HPs)
             Began as a Human Fighter on Mar 19, 2023.
             Slain by a vampire
             ... wielding a +0 vampiric halberd
              (6 damage)
             ... in a bailey on Mar 20, 2023.
             The game lasted 00:09:37 (4853 turns).

cforsyth the Trooper (Human Fighter)                Turns: 4853, Time: 00:09:38

Health: -1/64      AC: 15    Str: 26    XL:     8   Next: 27%
Magic:  8/8        EV:  7    Int:  8    God:
Gold:   186        SH: 10    Dex: 12    Spells: 7/7 levels left

rFire   . . .      SeeInvis .    a - +0 flail
rCold   . . .      Faith    .    c - +0 buckler
rNeg    . . .      Spirit   .    u - +0 plate armour
rPois   +          Reflect  +    (no helmet)
rElec   .          Rampage  .    (no cloak)
rCorr   .                        b - +2 pair of gloves
Will    .....                    (no boots)
Stlth   x                          - amulet of reflection
HPRegen 0.30/turn                q - +6 ring of strength
MPRegen 0.11/turn                t - ring of poison resistance

@: mighty
A: no striking features
a: no special abilities


You were in a bailey.
You visited 2 branches of the dungeon, and saw 7 of its levels.
You also visited: Bailey.

You collected 186 gold pieces.

Inventory:

Hand Weapons
 a - a +0 flail (weapon)
Armour
 b - a +2 pair of gloves (worn)
 c - a +0 buckler (worn)
 u - a +0 plate armour (worn)
Jewellery
 m - a ring of magical power
 q - a +6 ring of strength (left hand)
 t - a ring of poison resistance (right hand)
 x - an amulet of reflection (around neck)
Scrolls
 e - a scroll of magic mapping
 f - 2 scrolls of blinking
 j - 5 scrolls of teleportation
 l - a scroll of noise {unknown}
 r - a scroll of amnesia {unknown}
 v - a scroll of immolation {unknown}
 y - a scroll of enchant armour {unknown}
Potions
 d - 2 potions of might
 h - 3 potions of mutation
 i - a potion of magic {unknown}
 k - a potion of lignification {unknown}
 n - 3 potions of curing
 p - 2 potions of heal wounds
 s - a potion of cancellation {unknown}
 w - 2 potions of flight


   Skills:
 + Level 5.9 Fighting
 - Level 2.0 Maces & Flails
 + Level 5.9 Armour
 + Level 5.9 Shields


You had 7 spell levels left.
You didn't know any spells.
Your spell library contained the following spells:

 Spells                   Type           Power      Damage    Failure   Level
 Apportation              Tloc           0%         N/A       100%        1
 Sublimation of Blood     Necr           0%         N/A       100%        2
 Wereblood                Tmut           0%         N/A       100%        2
 Summon Lightning Spire   Summ/Air       0%         N/A       100%        4
 Alistair's Intoxication  Tmut/Pois      0%         N/A       100%        5
 Fireball                 Conj/Fire      0%         3d3       100%        5
 Iskenderun's Battlesphe  Conj           0%         2d6       100%        5
 Conjure Ball Lightning   Conj/Air       0%         3x3d6     100%        6
 Orb of Destruction       Conj           0%         9d5       100%        7
 Storm Form               Tmut/Air       0%         N/A       100%        7
 Summon Hydra             Summ           0%         N/A       100%        7
 Maxwell's Capacitive Co  Air            0%         ∞         100%        8


Dungeon Overview and Level Annotations

Branches:
Dungeon (7/15)             Temple (1/1) D:4          Bailey (1/1)

Altars:
Ashenzari
Dithmenos
Elyvilon
Fedhas
Gozag
Hepliaklqana
Kikubaaqudgha
Nemelex Xobeh
Qazlal
Vehumet
Xom
Yredelemnul
Zin
The Shining One

Shops:
D:3 ?

Annotations:
D:4 1 runed translucent door, Crazy Yiuf, Edmund


Message History

You sock the orc warrior zombie!
You destroy the orc warrior zombie!
A gargoyle comes into view. It is wielding a +0 mace.
Things that are here:
a +0 spear; a +0 spear; a +0 spear
Okay, then.
You start waiting.
A gargoyle is nearby!
You barely miss the gargoyle. The gargoyle hits you with a +0 mace!
You thump the gargoyle!
The gargoyle is moderately damaged.
The gargoyle hurls a stone arrow at you.
The stone arrow hits you!! You block the gargoyle's attack.
You feel very mighty all of a sudden. You block the gargoyle's attack.
You barely miss the gargoyle.
The gargoyle is moderately damaged.
You block the gargoyle's attack.
You sock the gargoyle!
The gargoyle is severely damaged.
The gargoyle hits you with a +0 mace!
You bludgeon the gargoyle!!
You destroy the gargoyle!
You have reached level 8!
You feel stronger.
Items here: )))).
You see here a +0 trident.
As you open the large door, it creaks loudly!
A vampire comes into view. It is wielding a +0 vampiric halberd.
The vampire gestures wildly while chanting.
The vampire flickers and vanishes!
Deactivating autopickup; reactivate with Ctrl-A.
Something hits you.
* * * LOW HITPOINT WARNING * * *
Something hits you!
* * * LOW HITPOINT WARNING * * *
Something bites you but does no damage. Something hits you but does no damage.
Something hits you.
You die...

{# ..# ##########
#..# #.......8#
##...# #8.......##
....# #######...##
...#
#8....##...##''###
#......#...@.....#
#......)).......8#
#...#..).#########
+...##..##.....8#
+....####.......#
####...#........#
#....)......##
#...♣♣...♣♣.#
#.........♣.#


There were no monsters in sight!

Vanquished Creatures
  A gargoyle (Bailey)
  A centaur (D:7)
  An ogre (D:5)
  A phantom (D:4)
  A scorpion (D:4)
  A howler monkey (D:5)
  2 hounds
  Ijyb (D:3)
  An orc wizard (D:4)
  Robin (D:4)
  5 adders
  3 dart slugs
  5 orcs
  2 ball pythons (D:3)
  8 bats
  2 endoplasms
  4 giant cockroaches
  20 goblins
  5 hobgoblins
  4 jackals (D:2)
  7 quokkas
  4 frilled lizards
  7 kobolds
  12 orc zombies (Bailey)
  4 rats
103 creatures vanquished.

Notes
Turn   | Place    | Note
-------+----------+-------------------------------------------
     0 | D:1      | cforsyth the Human Fighter began the quest for the Orb.
     0 | D:1      | Reached XP level 1. HP: 18/18 MP: 1/1
   192 | D:1      | Reached XP level 2. HP: 24/24 MP: 2/2
   564 | D:1      | Reached XP level 3. HP: 29/29 MP: 3/3
   665 | D:1      | Found a faded altar of an unknown god.
  1060 | D:2      | Reached XP level 4. HP: 28/36 MP: 4/4
  2054 | D:3      | Noticed Ijyb
  2056 | D:3      | Paralysed by Ijyb for 3 turns
  2071 | D:3      | Killed Ijyb
  2072 | D:3      | Reached XP level 5. HP: 36/42 MP: 5/5
  2148 | D:3      | Found Vyucugai's Magic Scroll Shop.
  2662 | D:4      | Found a staircase to the Ecumenical Temple.
  2673 | Temple   | Entered the Ecumenical Temple
  2899 | D:4      | Noticed a phantom
  2913 | D:4      | Killed a phantom
  2914 | D:4      | Reached XP level 6. HP: 40/48 MP: 6/6
  3235 | D:4      | Found a runed translucent door.
  3236 | D:4      | Noticed Crazy Yiuf
  3287 | D:4      | Noticed Robin
  3757 | D:4      | Killed Robin
  3903 | D:4      | Noticed Edmund
  4048 | D:5      | Entered Level 5 of the Dungeon
  4205 | D:5      | Found a basalt altar of Yredelemnul.
  4206 | D:5      | Found a broken altar of Ashenzari.
  4206 | D:5      | Noticed an ogre
  4215 | D:5      | Killed an ogre
  4216 | D:5      | Reached skill level 5 in Fighting
  4216 | D:5      | Reached skill level 5 in Shields
  4216 | D:5      | Reached XP level 7. HP: 54/56 MP: 7/7
  4231 | D:5      | Reached skill level 5 in Armour
  4404 | D:5      | You fall into a shaft and drop 2 floors!
  4454 | D:7      | Found a flagged portal.
  4557 | Bailey   | Entered a bailey
  4821 | Bailey   | Noticed a gargoyle
  4835 | Bailey   | Killed a gargoyle
  4836 | Bailey   | Reached XP level 8. HP: 21/64 MP: 8/8
  4842 | Bailey   | Noticed a vampire
  4853 | Bailey   | Slain by a vampire

Illustrated notes

Levels and vault maps discovered:
D:1:      sevenhm_arrival_forest_fort_small_6, layout_loops_corners,
          shapermc_ecumenical_altar_petra
D:2:      layout_loops_ring, minmay_circle_x
D:3:      layout_loops_ring, serial_shops, nicolae_shop_crystal,
          corexii_corridor_pit, uniq_ijyb
D:4:      layout_gridville, minmay_temple_entry_water_ring, uniq_edmund,
          uniq_robin, uniq_crazy_yiuf_cottage
D:5:      black_bear_nest_2, layout_basic, nicolae_overflow_squiral,
          hangedman_minor_gate_pass
D:7:      layout_basic, lemuel_tele_altar, mainiacjoe_overflow_24_doors,
          enter_bailey_3
Temple:   chequers_temple_sunken
Bailey:   bailey_polearm_vampire_castle_hellmonk, bailey

Skill      XL: |  1  2  3  4  5  6  7 |
---------------+----------------------+-----
Fighting       | 4 5 |  5.9
Armour         | 4 5 |  5.9
Shields        | 4 5 |  5.9
Maces & Flails | |  2.0

Action                     |  1- 3 |  4- 6 |  7- 9 || total
---------------------------+-------+-------+-------++-------
  Melee: Flail             |    88 |   176 |    84 ||   348
    Use: Scroll            |       |     7 |     2 ||     9
         Potion            |       |       |     1 ||     1
 Armour: Scale mail        |    75 |    39 |       ||   114
         Plate armour      |       |    81 |    81 ||   162
  Dodge: Dodged            |    59 |    78 |    35 ||   172
  Block: Buckler           |    28 |    73 |    73 ||   174

Table legend: (Time is in decaauts)
 A = Elapsed time spent in this place.
 B = Non-inter-level travel time spent in this place.
 C = Inter-level travel time spent in this place.
 D = Time resting spent in this place.
 E = Time spent auto-exploring this place.
 F = Levels seen in this place.
 G = Mean time per level.
                   A        B        C        D        E       F      G
               +--------+--------+--------+--------+--------+-----+--------+
         Total |   5045 |   4709 |    336 |    500 |   3112 |   8 |  630.6 |
       Dungeon |   4466 |   4158 |    308 |    495 |   2729 |   6 |  744.3 |
        Temple |    269 |    242 |     27 |      0 |    181 |   1 |  269.0 |
        Bailey |    309 |    309 |      0 |      5 |    201 |   1 |  309.0 |
               +--------+--------+--------+--------+--------+-----+--------+

Top non-repeatable levels by time:
     D:3: 1369 daAuts
     D:1: 919 daAuts
     D:2: 886 daAuts
     D:4: 783 daAuts
     D:5: 343 daAuts
  Bailey: 309 daAuts
  Temple: 269 daAuts
     D:7: 165 daAuts
